[Event "Mästar Elit"]
[Site "Växjö"]
[Date "2008.06.28"]
[Round "1"]
[White "Bejtovic, Jasmin"]
[Black "Landgren, Andreas"]
[Result "0-1"]
[ECO "B87"]
[WhiteElo "2364"]
[BlackElo "2198"]
[Annotator ""]
[PlyCount "64"]
[TimeControl "40/7200:20/3600:1800"]

1. e4 c5 2. Nf3 d6 3. d4 cxd4 4. Nxd4 Nf6 5. Nc3 a6 6.
Bc4 b5 7. Bb3 e6 8. O-O Be7 9. Qf3 Qb6 10. Bg5 b4 11. Na4 Qxd4 12. e5 Qe4 13.
Nb6 Qxf3 14. gxf3 Nfd7 15. Nxa8 Bxg5 16. exd6 O-O 17. Nc7 Ne5 18. Kg2 Bb7 19.
Kg3 Nxf3 20. Rad1 h5 21. Bd5 exd5 22. Kxf3 Rd8 23. Rfe1 Bc6 24. Kg3 Rxd6 25.
Nxd5 Bxd5 26. Re8+ Kh7 27. Rxb8 h4+ 28. Kg4 Be6+ 29. Kxg5 Rxd1 30. Rxb4 Rg1+
31. Kxh4 g5+ 32. Kh5 Bf5 0-1

[Event "Mästar Elit"]
[Site "Växjö"]
[Date "2008.06.28"]
[Round "1"]
[White "Henriksson, Jacob"]
[Black "Nilsson, Sebastian"]
[Result "1/2-1/2"]
[ECO "E92"]
[WhiteElo "2241"]
[BlackElo "2215"]
[Annotator ""]
[PlyCount "44"]
[TimeControl "40/7200:20/3600:1800"]

1. d4 Nf6 2. c4 g6 3. Nc3 Bg7 4. e4 d6 5. Nf3
O-O 6. Be2 e5 7. dxe5 dxe5 8. O-O Nbd7 9. Qc2 c6 10. h3 Nh5 11. Rd1 Qe7 12. Bg5
f6 13. Be3 Nf4 14. Bf1 Ne6 15. Rab1 f5 16. exf5 gxf5 17. b4 e4 18. Nd4 Ne5 19.
Nce2 Nd3 20. Nxe6 Bxe6 21. Nf4 Nxf4 22. Bxf4 Rfd8 1/2-1/2

[Event "Mästar Elit"]
[Site "Växjö"]
[Date "2008.06.28"]
[Round "1"]
[White "Jansson, Anders Owen"]
[Black "Ebenfelt, Anders"]
[Result "1-0"]
[ECO "A35"]
[WhiteElo "2364"]
[BlackElo "2198"]
[Annotator ""]
[PlyCount "67"]
[TimeControl "40/7200:20/3600:1800"]

1. Nf3 Nf6 2. c4 c5 3. Nc3 Nc6 4. g3 d5 5. d4 cxd4 6.
Nxd4 e5 7. Nxc6 bxc6 8. cxd5 cxd5 9. Bg2 Be6 10. O-O Be7 11. Bg5 e4 12. Rc1 O-O
13. Nb5 Qb6 14. Nc7 Rad8 15. Nxe6 fxe6 16. Qa4 Rc8 17. Bh3 Rxc1 18. Bxc1 Bc5
19. Kg2 e5 20. a3 a5 21. Bg5 d4 22. Rc1 Be7 23. Qc4+ Kh8 24. Qc7 Qxc7 25. Rxc7
Bd8 26. Rc8 d3 27. exd3 exd3 28. Bf5 e4 29. Kf1 Re8 30. Bxe4 d2 31. Bxd2 Nxe4
32. Bxa5 Nxf2 33. Rxd8 Rxd8 34. Bxd8 1-0

[Event "Mästar Elit"]
[Site "Växjö"]
[Date "2008.06.28"]
[Round "1"]
[White "Wickström, Lucas"]
[Black "Vas, Peter"]
[Result "1-0"]
[ECO "C42"]
[WhiteElo "2090"]
[BlackElo "2196"]
[Annotator ""]
[PlyCount "45"]
[TimeControl "40/7200:20/3600:1800"]

1. e4 e5 2. Nf3 Nf6 3. Nxe5 d6 4. Nxf7 Kxf7 5. d4 Qe8
6. Nc3 g6 7. Qf3 Bg7 8. Bg5 Nc6 9. Bc4+ Be6 10. d5 Bf5 11. dxc6+ d5 12. Nxd5
Qxc6 13. Nxf6+ Qxc4 14. exf5 Rhe8+ 15. Nxe8 Rxe8+ 16. Be3 Bxb2 17. fxg6+ Kxg6
18. Rb1 Bc3+ 19. Kd1 Rd8+ 20. Kc1 Qxa2 21. Qg3+ Kf7 22. Qxc7+ Ke8 23. Qxc3 1-0

[Event "Mästar Elit"]
[Site "Växjö"]
[Date "2008.06.28"]
[Round "1"]
[White "Semcesen, Daniel"]
[Black "Couso, Luis"]
[Result "1-0"]
[ECO "D11"]
[WhiteElo "2349"]
[BlackElo "2315"]
[Annotator ""]
[PlyCount "91"]
[TimeControl "40/7200:20/3600:1800"]

1. d4 d5 2. c4 c6 3. Nf3 dxc4 4. e3 Be6 5. Nc3 b5 6. a4 b4 7.
Ne4 Nf6 8. Ned2 c3 9. bxc3 bxc3 10. Nc4 Nbd7 11. Bd3 Bxc4 12. Bxc4 e6 13. a5
Bb4 14. Qa4 Qe7 15. O-O O-O 16. Ne1 Bd6 17. Qxc6 Rfc8 18. Qa4 Rab8 19. Ba6
Bxh2+ 20. Kh1 Rc7 21. g3 Bxg3 22. fxg3 Qd6 23. Bd3 Qxg3 24. Qc2 e5 25. Qg2 Qh4+
26. Qh2 Qxh2+ 27. Kxh2 e4 28. Bc2 Rb5 29. Kg2 h5 30. Ra2 h4 31. Kh3 g5 32. Ra4
Kg7 33. Ba3 Rc8 34. Bd1 g4+ 35. Kh2 h3 36. Nc2 g3+ 37. Kxg3 Rg5+ 38. Kh2 Rg2+
39. Kh1 Rg8 40. Bc1 Kh7 41. Ne1 c2 42. Bxc2 R2g6 43. Ra2 Nh5 44. Kh2 f5 45.
Rxf5 Ndf6 46. Rxh5+ 1-0

[Event "Mästar Elit"]
[Site "Växjö"]
[Date "2008.06.28"]
[Round "1"]
[White "Evertsson, Lennart"]
[Black "Lind, Jan-Olov"]
[Result "1/2-1/2"]
[ECO "E92"]
[WhiteElo "2170"]
[BlackElo "2206"]
[Annotator ""]
[PlyCount "140"]
[TimeControl "40/7200:20/3600:1800"]

1. Nf3 Nf6 2. c4 g6 3. Nc3 Bg7 4. d4 O-O 5. e4 d6 6. Be2 e5 7.
Bg5 exd4 8. Nxd4 h6 9. Be3 Re8 10. f3 Nc6 11. Qd2 Nxd4 12. Bxd4 a6 13. Rd1 Bd7
14. c5 Bc6 15. cxd6 Qxd6 16. e5 Rxe5 17. Bxe5 Qxe5 18. O-O Bf8 19. f4 Qa5 20.
Bf3 Bd6 21. Bxc6 Qb6+ 22. Kh1 Qxc6 23. Nd5 Nxd5 24. Qxd5 Qxd5 25. Rxd5 Re8 26.
Rd2 Kg7 27. g3 Re4 28. Kg2 Ra4 29. b3 Rb4 30. Rd5 Kf6 31. Re1 Rb6 32. Rc1 Ke6
33. Rd4 Rb5 34. Kf3 h5 35. h3 Ra5 36. a4 b5 37. Re1+ Kd7 38. Re5 Kc6 39. Re8
bxa4 40. bxa4 Rc5 41. Rd3 Rc1 42. Ra8 Kb7 43. Rg8 Rc5 44. Rg7 Rf5 45. Rh7 Kc6
46. Ke4 Rf6 47. Kd4 Bc5+ 48. Kc4 Bf2 49. Rf3 Be1 50. f5 Ba5 51. Rh8 Kd7 52. g4
hxg4 53. hxg4 Rc6+ 54. Kd5 Rd6+ 55. Ke4 Ke7 56. Rd3 gxf5+ 57. gxf5 Rb6 58. Ke5
Rc6 59. Rhd8 Rc5+ 60. R8d5 Bc3+ 61. Kf4 Rc4+ 62. Kf3 Kf6 63. Re3 a5 64. Re4 Rc6
65. Ke3 Bb4 66. Kf4 Rc1 67. Re8 Rf1+ 68. Kg4 Rg1+ 69. Kf3 Rf1+ 70. Kg4 Rg1+
1/2-1/2

[Event "Mästar Elit"]
[Site "Växjö"]
[Date "2008.06.29"]
[Round "2"]
[White "Landgren, Andreas"]
[Black "Semcesen, Daniel"]
[Result "0-1"]
[ECO "E92"]
[WhiteElo "2198"]
[BlackElo "2349"]
[Annotator ""]
[PlyCount "79"]
[TimeControl "40/7200:20/3600:1800"]

1. d4 f5 2. c4 Nf6 3. g3 g6 4. Bg2 Bg7 5. Nf3 O-O 6. O-O d6 7. Nc3 c6 8. d5 Bd7
9. Nd4 Qc8 10. e4 fxe4 11. Nxe4 Nxe4 12. Bxe4 Na6 13. Bf4 cxd5 14. cxd5 Rxf4
15. gxf4 Qc4 16. Qb3 Qxd4 17. Qxb7 Rd8 18. Bg2 Qb6 19. Qxb6 axb6 20. Rfd1 Nc5
21. Rd2 Ra8 22. Rad1 Bf5 23. b3 Kf7 24. Rc1 b5 25. b4 Nd3 26. Rc7 Nxb4 27. Rb7
Rxa2 28. Rxa2 Nxa2 29. Rxb5 Bh6 30. Rb3 Bxf4 31. Bf1 Be5 32. f3 Nc3 33. Bc4
Bd4+ 34. Kf1 g5 35. Ra3 Kf6 36. Rb3 Bg6 37. Ra3 Bf7 38. Ra5 Bc5 39. Ra8 Nxd5
40. Bxd5 {Time} 0-1

[Event "Mästar Elit"]
[Site "Växjö"]
[Date "2008.06.29"]
[Round "2"]
[White "Couso, Luis"]
[Black "Evertsson, Lennart"]
[Result "1-0"]
[ECO "B37"]
[WhiteElo "2315"]
[BlackElo "2170"]
[Annotator ""]
[PlyCount "87"]
[TimeControl "40/7200:20/3600:1800"]

1. d4 Nf6 2. Nf3 c5 3. c4 cxd4 4. Nxd4 Nc6 5. Nc3 g6 6. Nc2
Bg7 7. e4 O-O 8. Be2 d6 9. O-O b6 10. Bg5 Bb7 11. Qd2 Rc8 12. f3 Qd7 13. Rac1
Rfd8 14. Rfd1 Qe8 15. Qe1 h6 16. Bh4 Nh5 17. Bf1 Be5 18. Bf2 Qf8 19. Ne3 Rd7
20. Ng4 Bg7 21. b3 Re8 22. Nb5 Bc8 23. Qd2 Rb7 24. Ne3 Be5 25. g3 g5 26. Nf5
Rd7 27. Be2 Nf6 28. h4 Nh7 29. hxg5 hxg5 30. Kg2 e6 31. Nfd4 Ne7 32. Rh1 Ng6
33. Be3 Bf6 34. Rh5 a6 35. Nc3 Qg7 36. Rch1 Nf4+ 37. Bxf4 gxf4 38. Rxh7 Qxg3+
39. Kf1 d5 40. cxd5 exd5 41. Nf5 dxe4 42. Nxg3 exf3 43. Qxf4 Bxc3 44. Qg5+ 1-0

[Event "Mästar Elit"]
[Site "Växjö"]
[Date "2008.06.29"]
[Round "2"]
[White "Glimbrant, Torbjörn"]
[Black "Jansson, Anders Owen"]
[Result "1/2-1/2"]
[ECO "A88"]
[WhiteElo "2228"]
[BlackElo "2364"]
[PlyCount "154"]
[EventDate "2008.??.??"]
[TimeControl "40/7200:20/3600:1800"]

1. d4 Nf6 2. c4 g6 3. Nc3 Bg7 4. e4 O-O 5.
Nf3 d6 6. Be2 e5 7. Be3 Ng4 8. Bg5 f6 9. Bh4 g5 10. Bg3 Nh6 11. dxe5 dxe5 12.
c5 Be6 13. O-O Nd7 14. c6 bxc6 15. Qa4 Rb8 16. Bc4 Bxc4 17. Qxc4+ Nf7 18. Rab1
c5 19. Rfd1 Kh8 20. Nb5 a6 21. Nc3 Rb6 22. Nd5 Nd6 23. Qc2 Rb7 24. b4 Nb5 25.
Qd3 c6 26. Ne3 Nd4 27. Nxd4 cxd4 28. Nf5 Nb8 29. h4 h6 30. Kh2 Rff7 31. Rh1 Bf8
32. Qc4 Qe8 33. a3 Rh7 34. Rhc1 Qf7 35. Qd3 Rb5 36. Kg1 Qb7 37. Ra1 c5 38. bxc5
Bxc5 39. Rab1 Nd7 40. a4 Rxb1 41. Rxb1 Qc6 42. Qc2 Qa8 43. Kh1 Bf8 44. f3 Nc5
45. Qc4 Rb7 46. Rc1 Qe8 47. Qd5 Qf7 48. Qd8 Kh7 49. Kh2 Rd7 50. Qb6 Rb7 51. Qc6
Rc7 52. Qb6 Rb7 53. Qc6 Nd3 54. Rd1 Nb4 55. Qc8 Rc7 56. Qb8 Rb7 57. Qc8 Rc7 58.
Qb8 Nc6 59. Qb6 Nb4 60. Be1 Rb7 61. Qd8 Nc6 62. Qc8 Na7 63. Qd8 Be7 64. Qa8 Ba3
65. Ra1 Bf8 66. Kh1 Rd7 67. Bd2 Rc7 68. Rb1 Bg7 69. Rb6 Qa2 70. Rb7 Qf7 71.
Rxc7 Qxc7 72. Qe8 Nc8 73. h5 Nd6 74. Qg6+ Kh8 75. Ba5 Qd7 76. Nxh6 Qxa4 77. Bd8
Qe8 1/2-1/2

[Event "Mästar Elit"]
[Site "Växjö"]
[Date "2008.06.29"]
[Round "2"]
[White "Wickström, Lucas"]
[Black "Henriksson, Jacob"]
[Result "1-0"]
[ECO "E15"]
[WhiteElo "2090"]
[BlackElo "2241"]
[Annotator ""]
[PlyCount "71"]
[TimeControl "40/7200:20/3600:1800"]

1. d4 Nf6 2. c4 e6 3. Nf3 b6 4. g3 Ba6 5. Qc2 Bb7 6. Bg2 c5 7.
d5 exd5 8. cxd5 Bxd5 9. Nc3 Bb7 10. e4 d6 11. Bf4 Be7 12. O-O-O Nbd7 13. Bxd6
O-O 14. e5 Bxd6 15. Rxd6 Qe7 16. exf6 Qxd6 17. Ng5 Nxf6 18. Bxb7 Rae8 19. Nd5
g6 20. Nxf6+ Qxf6 21. Ne4 Qe5 22. f4 Qd4 23. Rd1 Qe3+ 24. Kb1 f5 25. Bd5+ Kg7
26. Nd6 Re7 27. Nc4 Qe2 28. Qc3+ Kh6 29. Bf3 Qe6 30. Ne5 g5 31. fxg5+ Kxg5 32.
Qe3+ Kf6 33. Qh6+ Kxe5 34. Re1+ Kd6 35. Rxe6+ Rxe6 36. Qxf8+ 1-0

[Event "Mästar Elit"]
[Site "Växjö"]
[Date "2008.06.29"]
[Round "2"]
[White "Nilsson, Sebastian"]
[Black "Bejtovic, Jasmin"]
[Result "1/2-1/2"]
[ECO "B19"]
[WhiteElo "2215"]
[BlackElo "2364"]
[Annotator ""]
[PlyCount "50"]
[TimeControl "40/7200:20/3600:1800"]

1. e4 c6 2. d4 d5 3. Nc3 dxe4 4. Nxe4 Bf5 5. Ng3 Bg6 6. h4 h6 7. Nf3 Nd7 8. h5
Bh7 9. Bd3 Bxd3 10. Qxd3 e6 11. Bf4 Qa5+ 12. Bd2 Qc7 13. O-O-O Ngf6 14. Ne4
O-O-O 15. g3 Nxe4 16. Qxe4 Nf6 17. Qe2 Bd6 18. Ne5 c5 19. Nf3 c4 20. Ne5 b5 21.
Qe1 Qb7 22. Ba5 Rde8 23. Bb4 Bxe5 24. dxe5 Nd5 25. Rh4 Kb8 1/2-1/2

[Event "Mästar Elit"]
[Site "Växjö"]
[Date "2008.06.29"]
[Round "2"]
[White "Vas, Peter"]
[Black "Ebenfelt, Anders"]
[Result "1-0"]
[ECO "C45"]
[WhiteElo "2196"]
[BlackElo "2272"]
[Annotator ""]
[PlyCount "137"]
[TimeControl "40/7200:20/3600:1800"]

1. e4 e5 2. Nf3 Nc6 3. d4 exd4 4. Nxd4 Nf6 5. Nxc6 bxc6 6. e5 Qe7 7. Qe2 Nd5 8.
c4 Nb6 9. Nc3 d5 10. exd6 cxd6 11. Bg5 f6 12. Bf4 Be6 13. O-O-O Bxc4 14. Qf3 d5
15. Bxc4 Nxc4 16. Rhe1 Ne5 17. Bxe5 fxe5 18. Qg4 g6 19. Qa4 Bh6+ 20. Kb1 O-O
21. Qxc6 d4 22. Rxd4 Rab8 23. Rd7 Qf6 24. Qxf6 Rxf6 25. Ne4 Rfb6 26. b3 a6 27.
Red1 Rc8 28. Rd8+ Rxd8 29. Rxd8+ Kf7 30. Rd7+ Ke6 31. Rxh7 Bf8 32. Rc7 Ba3 33.
Kc2 a5 34. f3 a4 35. Rg7 Rc6+ 36. Kd3 axb3 37. axb3 Kd5 38. Rd7+ Ke6 39. Rg7
Kd5 40. Rd7+ Ke6 41. Ra7 Be7 42. Ra1 Bb4 43. h4 Be7 44. g3 Bb4 45. Ra4 Be7 46.
Rc4 Rb6 47. Kc3 Kd5 48. Kb2 Ra6 49. Nc3+ Ke6 50. b4 Rb6 51. b5 Bf6 52. Kb3 Kd7
53. Kb4 Be7+ 54. Ka4 Bd8 55. Nd5 Rd6 56. Rc5 Ke6 57. Nb4 Rd4 58. Kb3 e4 59. Nc6
Rd3+ 60. Kc4 Bb6 61. fxe4 Rxg3 62. Nd4+ Kd7 63. Rc6 Ba5 64. Ra6 Bc7 65. b6 Be5
66. Ra7+ Kc8 67. Nc6 Rc3+ 68. Kd5 Rb3 69. b7+ 1-0

[Event "Mästar Elit"]
[Site "Växjö"]
[Date "2008.06.30"]
[Round "3"]
[White "Semcesen, Daniel"]
[Black "Nilsson, Sebastian"]
[Result "1/2-1/2"]
[ECO "E61"]
[WhiteElo "2349"]
[BlackElo "2215"]
[Annotator ""]
[PlyCount "30"]
[TimeControl "40/7200:20/3600:1800"]

1. d4 Nf6 2. c4 g6 3. Nc3 Bg7 4. Nf3 d6 5. Bg5 h6 6. Bh4 O-O
7. e3 g5 8. Bg3 Nh5 9. Bd3 f5 10. Qc2 Nc6 11. d5 Nb4 12. Qd2 Nxd3+ 13. Qxd3 e5
14. dxe6 Bxe6 15. h4 Nxg3 1/2-1/2

[Event "Mästar Elit"]
[Site "Växjö"]
[Date "2008.06.30"]
[Round "3"]
[White "Bejtovic, Jasmin"]
[Black "Wickström, Lucas"]
[Result "0-1"]
[ECO "B34"]
[WhiteElo "2364"]
[BlackElo "2090"]
[Annotator ""]
[PlyCount "74"]
[TimeControl "40/7200:20/3600:1800"]

1. e4 c5 2. Nf3 Nc6 3. d4 cxd4 4. Nxd4 Nf6 5. Nc3 g6 6. Nxc6
bxc6 7. e5 Ng8 8. Bc4 Bg7 9. Qf3 f5 10. Bf4 e6 11. O-O-O Qc7 12. Rhe1 Nh6 13.
h4 Nf7 14. g4 Bxe5 15. Rxe5 Nxe5 16. Qe3 Nxc4 17. Qd4 e5 18. Qxc4 exf4 19. Re1+
Kd8 20. gxf5 gxf5 21. Qd4 Rf8 22. Na4 Qa5 23. c3 Kc7 24. Nc5 Rf7 25. Qc4 Qb5
26. Qxf4+ d6 27. Nb3 Rb8 28. Qg5 Kb7 29. Qd8 Rd7 30. Qf6 Ka8 31. Re8 Qf1+ 32.
Kc2 Qxf2+ 33. Kc1 Qg1+ 34. Kc2 Qg6 35. Qh8 Qg7 36. Qxg7 Rxg7 37. Nd4 Bd7 0-1

[Event "Mästar Elit"]
[Site "Växjö"]
[Date "2008.06.30"]
[Round "3"]
[White "Ebenfelt, Anders"]
[Black "Glimbrant, Torbjörn"]
[Result "0-1"]
[ECO "B44"]
[WhiteElo "2272"]
[BlackElo "2228"]
[Annotator ""]
[PlyCount "80"]
[TimeControl "40/7200:20/3600:1800"]

1. e4 c5 2. Nf3 e6 3. d4 cxd4 4. Nxd4 Nc6 5. Nxc6 bxc6 6. Bd3
Nf6 7. O-O d5 8. Nd2 Be7 9. Qe2 O-O 10. c4 a5 11. e5 Nd7 12. cxd5 cxd5 13. Re1
Nc5 14. Bb5 Qb6 15. Nf3 Ba6 16. Bxa6 Qxa6 17. Be3 Rfb8 18. Rab1 Nd3 19. Red1
Nb4 20. Qxa6 Rxa6 21. a3 Nc6 22. Rdc1 a4 23. Rc3 Na5 24. Nd2 h6 25. Bc5 Bxc5
26. Rxc5 Nb3 27. Nxb3 Rxb3 28. g3 Rab6 29. Kg2 Rxb2 30. Rxb2 Rxb2 31. Ra5 Re2
32. Rxa4 Rxe5 33. Kf1 Kf8 34. Rd4 Ke7 35. a4 Re4 36. Rxe4 dxe4 37. Ke2 f5 38.
Ke3 e5 39. g4 g6 40. gxf5 gxf5 0-1

[Event "Mästar Elit"]
[Site "Växjö"]
[Date "2008.06.30"]
[Round "3"]
[White "Evertsson, Lennart"]
[Black "Landgren, Andreas"]
[Result "0-1"]
[ECO "D01"]
[WhiteElo "2170"]
[BlackElo "2198"]
[Annotator ""]
[PlyCount "102"]
[TimeControl "40/7200:20/3600:1800"]

1. d4 d5 2. Nc3 Nf6 3. Bg5 Nbd7 4. Nf3 c6 5. e3 Qa5 6. Nd2 e6 7. a3 Be7 8. Bd3
e5 9. O-O e4 10. Be2 Nf8 11. f3 exf3 12. Bxf3 Ne6 13. Bh4 O-O 14. Rf2 Bd7 15.
Qf1 Rae8 16. b4 Qc7 17. Nb3 h6 18. Re1 Ng5 19. Bg3 Bd6 20. Bxd6 Qxd6 21. Nc5
Bc8 22. Nd3 Ng4 23. Bxg4 Bxg4 24. Ne5 Bh5 25. h4 Ne6 26. Qd3 f6 27. Nf3 Qg3 28.
Ne2 Qg4 29. c4 Bg6 30. Qb3 Be4 31. Nd2 Qxh4 32. Nxe4 Qxe4 33. Nc3 dxc4 34. Qxc4
Qh4 35. e4 Kh8 36. b5 cxb5 37. Nxb5 Ng5 38. Qf1 Rxe4 39. Rd1 a6 40. Nd6 Rxd4
41. Nxb7 Rxd1 42. Qxd1 Qg3 43. Qd7 Qxa3 44. Nd6 Qc1+ 45. Kh2 Qe1 46. Nf5 Rf7
47. Qc8+ Kh7 48. Qc2 Qe4 49. Qb3 Rb7 50. Qa3 Qe5+ 51. g3 Qe1 0-1

[Event "Mästar Elit"]
[Site "Växjö"]
[Date "2008.06.30"]
[Round "3"]
[White "Jansson, Anders Owen"]
[Black "Lind, Jan-Olov"]
[Result "1-0"]
[ECO "E94"]
[WhiteElo "2189"]
[BlackElo "2206"]
[Annotator ""]
[PlyCount "97"]
[TimeControl "40/7200:20/3600:1800"]

1. Nf3 Nf6 2. c4 g6 3. Nc3 Bg7 4. e4 d6 5. d4 O-O 6. Be2 Nbd7 7. O-O e5 8. Be3
h6 9. dxe5 dxe5 10. h3 c6 11. Nd2 Qe7 12. Nb3 Nh7 13. Qd2 Qh4 14. f3 h5 15.
Rad1 Re8 16. c5 Ndf8 17. Bf2 Qf6 18. Na5 Ne6 19. Nc4 Nf4 20. h4 Be6 21. Nd6 Re7
22. Kh2 Rd7 23. g3 Nxe2 24. Qxe2 Rad8 25. Rd2 Bh6 26. Be3 Bxe3 27. Qxe3 Qe7 28.
Rfd1 Kg7 29. b4 f6 30. Rg2 Nf8 31. g4 hxg4 32. fxg4 Kh7 33. h5 g5 34. Rf1 Rxd6
35. cxd6 Rxd6 36. Qxa7 Bc4 37. Rf3 Ne6 38. Rff2 Rd3 39. Ne2 Re3 40. Ng3 Rd3 41.
Nf5 Qd7 42. Ne3 Ba6 43. Rxf6 Nf4 44. Rf2 Qe7 45. Rh6+ Kg8 46. Rxc6 Rxe3 47.
Rc8+ Kg7 48. Qxe3 Qd7 49. Qc5 1-0

[Event "Mästar Elit"]
[Site "Växjö"]
[Date "2008.06.30"]
[Round "3"]
[White "Henriksson, Jacob"]
[Black "Vas, Peter"]
[Result "0-1"]
[ECO "D54"]
[WhiteElo "2241"]
[BlackElo "2196"]
[Annotator ""]
[PlyCount "170"]
[TimeControl "40/7200:20/3600:1800"]

1. d4 d5 2. c4 e6 3. Nc3 Nf6 4. Bg5 Be7 5. e3 O-O 6. Rc1 c6 7. cxd5 exd5 8. Bd3
Re8 9. Nge2 Nbd7 10. O-O Nf8 11. a3 a5 12. Qc2 g6 13. Nf4 Kg7 14. Rb1 h6 15.
Bxf6+ Bxf6 16. b4 axb4 17. axb4 Qd6 18. g3 Bg4 19. Rfc1 g5 20. Ng2 Ra3 21. Rb3
Rea8 22. Rxa3 Rxa3 23. Qb2 Ra8 24. Qb3 Ne6 25. Na4 b5 26. Nc3 Be7 27. Rb1 Qc7
28. Ne1 f5 29. Qc2 Rf8 30. Be2 Bh3 31. Nd3 Bd6 32. Nc5 Bxc5 33. dxc5 Ra8 34.
Bf1 Bxf1 35. Qxf5 Bc4 36. Qxe6 d4 37. Nxb5 cxb5 38. Qe4 Rd8 39. exd4 Bd5 40.
Qe2 Qd7 41. Re1 Rf8 42. Qe5+ Kf7 43. f4 Re8 44. Qxe8+ Qxe8 45. Rxe8 Kxe8 46.
fxg5 hxg5 47. h4 Kf7 48. Kh2 Kg6 49. Kh3 Kf5 50. g4+ Kf6 51. h5 Be4 52. Kg3 Ke6
53. Kf2 Kd5 54. Ke3 Bh7 55. Kd2 Bg8 56. Ke3 Bh7 57. Kf2 Bc2 58. Kg3 Bd1 59. Kh3
Be2 60. Kg3 Bd1 61. Kh3 Bf3 62. Kg3 Be4 63. Kf2 Kxd4 64. Ke2 Kd5 65. Kf2 Bc2
66. Ke2 Bb1 67. Kd2 Be4 68. Ke2 Bh7 69. Kd2 Bg8 70. Ke3 Bf7 71. Kf2 Be6 72. Kg3
Ke5 73. Kf3 Bg8 74. Kf2 Kf4 75. c6 Ke5 76. c7 Be6 77. Kg3 Kf6 78. Kf3 Ke7 79.
Ke4 Bxg4 80. Ke5 Bc8 81. Kd5 g4 82. Ke4 Kf6 83. Kf4 Kg7 84. Kg3 Kh6 85. Kh4 Bd7
0-1

[Event "Mästar Elit"]
[Site "Växjö"]
[Date "2008.07.01"]
[Round "4"]
[White "Couso, Luis"]
[Black "Jansson, Anders Owen"]
[Result "1/2-1/2"]
[ECO "D54"]
[WhiteElo "2315"]
[BlackElo "2189"]
[Annotator ""]
[PlyCount "20"]
[TimeControl "40/7200:20/3600:1800"]

1. e4 Nf6 2. e5 Nd5 3. d4 d6 4. Nf3 dxe5 5. Nxe5 c6 6.
Bc4 Be6 7. O-O Nd7 8. Bb3 g6 9. Nd2 Bg7 10. Nef3 O-O 1/2-1/2

[Event "Mästar Elit"]
[Site "Växjö"]
[Date "2008.07.01"]
[Round "4"]
[White "Vas, Peter"]
[Black "Glimbrant, Torbjörn"]
[Result "1/2-1/2"]
[ECO "B44"]
[WhiteElo "2196"]
[BlackElo "2228"]
[Annotator ""]
[PlyCount "29"]
[TimeControl "40/7200:20/3600:1800"]

1. e4 c5 2. Nf3 e6 3. d4 cxd4 4. Nxd4 Nc6 5. Nb5 d6 6. c4 Nf6
7. N1c3 a6 8. Na3 Be7 9. Be2 O-O 10. O-O b6 11. Be3 Bb7 12. Rc1 Ne5 13. f3 Ned7
14. Qd2 Re8 15. Rfd1 1/2-1/2

[Event "Mästar Elit"]
[Site "Växjö"]
[Date "2008.07.01"]
[Round "4"]
[White "Henriksson, Jacob"]
[Black "Bejtovic, Jasmin"]
[Result "1/2-1/2"]
[ECO "E32"]
[WhiteElo "2241"]
[BlackElo "2364"]
[Annotator ""]
[PlyCount "40"]
[TimeControl "40/7200:20/3600:1800"]

1. d4 Nf6 2. c4 e6 3. Nc3 Bb4 4. Qc2 O-O 5. a3 Bxc3+ 6. Qxc3 b6 7. Bg5 Bb7 8.
f3 d5 9. e3 Nbd7 10. cxd5 exd5 11. Bb5 c6 12. Bd3 Re8 13. Bf5 Nf8 14. Ne2 Ne6
15. Bh4 Ba6 16. Bd3 Bxd3 17. Qxd3 Nf8 18. O-O Ng6 19. Bg5 h6 20. Bxf6 Qxf6
1/2-1/2

[Event "Mästar Elit"]
[Site "Växjö"]
[Date "2008.07.01"]
[Round "4"]
[White "Wickström, Lucas"]
[Black "Semcesen, Daniel"]
[Result "0-1"]
[ECO "D20"]
[WhiteElo "2090"]
[BlackElo "2349"]
[Annotator ""]
[PlyCount "84"]
[TimeControl "40/7200:20/3600:1800"]

1. d4 d5 2. c4 dxc4 3. e4 e5 4. Nf3 exd4 5. Bxc4 Nc6 6. O-O Be6 7. Bb5 Bc5 8.
b4 Bb6 9. a4 a5 10. bxa5 Rxa5 11. Bb2 Nge7 12. Nbd2 O-O 13. Nb3 Bxb3 14. Qxb3
Ra8 15. Rfd1 Na5 16. Qa3 Nec6 17. Rd3 Qf6 18. Rad1 Rad8 19. Bxc6 Nxc6 20. Qa1
Qe6 21. Nxd4 Nxd4 22. Bxd4 Qxe4 23. a5 Bxd4 24. Rxd4 Rxd4 25. Qxd4 Qxd4 26.
Rxd4 Ra8 27. Rd7 Rc8 28. Rd3 Kf8 29. Rb3 Ra8 30. Rxb7 Rxa5 31. g3 Rc5 32. Rb8+
Ke7 33. Rc8 h5 34. Kg2 Kd7 35. Ra8 Rf5 36. Ra7 Kd6 37. Kf1 Re5 38. Ra8 c5 39.
Rd8+ Kc6 40. Ra8 Re7 41. Rc8+ Kd5 42. h4 c4 0-1

[Event "Mästar Elit"]
[Site "Växjö"]
[Date "2008.07.01"]
[Round "4"]
[White "Lind, Jan-Olov"]
[Black "Ebenfelt, Anders"]
[Result "1-0"]
[ECO "C72"]
[WhiteElo "2206"]
[BlackElo "2272"]
[Annotator ""]
[PlyCount "58"]
[TimeControl "40/7200:20/3600:1800"]

1. e4 e5 2. Nf3 Nc6 3. Bb5 a6 4. Ba4 d6 5. O-O f5 6. d4 fxe4 7. Nxe5 Nge7 8.
Nxc6 bxc6 9. d5 Bd7 10. dxc6 Be6 11. Nc3 d5 12. f3 exf3 13. Qxf3 Nf5 14. Bd2
Bc5+ 15. Kh1 O-O 16. Qd3 Qh4 17. Rf4 Qe7 18. Nxd5 Qf7 19. Bb3 Rad8 20. Raf1 Kh8
21. c4 Bd6 22. R4f3 Qh5 23. Bf4 Nh4 24. R3f2 Bc5 25. Be3 Rxf2 26. Rxf2 Bd6 27.
Nf4 Qe5 28. Bd4 Qf5 29. Qf1 Bxf4 {Time} 1-0

[Event "Mästar Elit"]
[Site "Växjö"]
[Date "2008.07.01"]
[Round "4"]
[White "Nilsson, Sebastian"]
[Black "Evertsson, Lennart"]
[Result "1/2-1/2"]
[ECO "C13"]
[WhiteElo "2215"]
[BlackElo "2170"]
[Annotator ""]
[PlyCount "105"]
[TimeControl "40/7200:20/3600:1800"]

1. e4 e6 2. d4 d5 3. Nc3 Nf6 4. Bg5 Be7 5. e5 Nfd7 6. h4 a6 7. Qg4 f6 8. Bf4
Kf8 9. exf6 Nxf6 10. Qf3 c5 11. dxc5 Nc6 12. Bd6 Bxd6 13. cxd6 Qa5 14. O-O-O
Bd7 15. Kb1 Rc8 16. h5 Kf7 17. h6 g6 18. Rh4 Rhf8 19. Rf4 Qd8 20. Nh3 b5 21. g4
Kg8 22. g5 Nh5 23. Rxf8+ Qxf8 24. Qe2 Qf5 25. Qd3 Qe5 26. Be2 Nf4 27. Nxf4 Qxf4
28. Qe3 Rf8 29. Rf1 Nd4 30. Qxf4 Rxf4 31. Bd1 Kf7 32. Kc1 Bc6 33. Ne2 Nxe2+ 34.
Bxe2 e5 35. f3 Bd7 36. c3 Ke6 37. Bd3 Be8 38. Kd2 Kxd6 39. Ke3 a5 40. Rh1 Ke6
41. a3 Kf7 42. Rh2 Bc6 43. Rh3 b4 44. axb4 axb4 45. Be2 bxc3 46. bxc3 Ra4 47.
Rh1 Ra3 48. Rc1 d4+ 49. Kd2 dxc3+ 50. Rxc3 Rxc3 51. Kxc3 Ke6 52. Bd3 Kf7 53.
Be2 1/2-1/2

[Event "Mästar Elit"]
[Site "Växjö"]
[Date "2008.07.02"]
[Round "5"]
[White "Bejtovic, Jasmin"]
[Black "Vas, Peter"]
[Result "1-0"]
[ECO "C42"]
[WhiteElo "2364"]
[BlackElo "2196"]
[Annotator ""]
[PlyCount "69"]
[TimeControl "40/7200:20/3600:1800"]

1. e4 e5 2. Nf3 Nf6 3. Nc3 Bb4 4. Nxe5 O-O 5. Be2 Re8 6. Nd3
Bxc3 7. dxc3 Nxe4 8. O-O d6 9. Nf4 c6 10. c4 Nd7 11. a4 a5 12. Ra3 Qb6 13. Re3
Ndf6 14. b3 Bf5 15. Bb2 Rad8 16. Bd4 Qc7 17. f3 Nc5 18. Rxe8+ Nxe8 19. Nh5 Ne6
20. Bb2 d5 21. Qc1 d4 22. f4 Qd7 23. Ng3 Nc5 24. Rd1 d3 25. cxd3 Bxd3 26. Qe3
b6 27. Ba3 Nxb3 28. Bxd3 Nd4 29. c5 Nf6 30. cxb6 Ng4 31. Qe7 Qd5 32. Qe4 Qxe4
33. Nxe4 Ne3 34. Rb1 Ne6 35. b7 1-0

[Event "Mästar Elit"]
[Site "Växjö"]
[Date "2008.07.02"]
[Round "5"]
[White "Jansson, Anders Owen"]
[Black "Landgren, Andreas"]
[Result "1/2-1/2"]
[ECO "A31"]
[WhiteElo "2189"]
[BlackElo "2198"]
[Annotator ""]
[PlyCount "62"]
[TimeControl "40/7200:20/3600:1800"]

1. Nf3 c5 2. c4 Nc6 3. d4 cxd4 4. Nxd4 Nf6 5. g3 Qb6 6. Nc2 Ne5 7. b3 e6 8. Bg2
d5 9. cxd5 exd5 10. O-O Be6 11. Bb2 Bd6 12. Nc3 Rd8 13. Na4 Qa5 14. Nd4 O-O 15.
Rc1 Rc8 16. Nxe6 fxe6 17. Bh3 Kf7 18. Rxc8 Rxc8 19. e4 Rd8 20. f4 dxe4 21. fxe5
Bc5+ 22. Nxc5 Rxd1 23. Rxd1 Qxc5+ 24. Bd4 Qc2 25. Rf1 Qd2 26. Ba1 e3 27. exf6
gxf6 28. Rxf6+ Ke7 29. Rxe6+ Kf7 30. Rf6+ Ke7 31. Re6+ Kf7 1/2-1/2

[Event "Mästar Elit"]
[Site "Växjö"]
[Date "2008.07.02"]
[Round "5"]
[White "Semcesen, Daniel"]
[Black "Henriksson, Jacob"]
[Result "0-1"]
[ECO "A30"]
[WhiteElo "2349"]
[BlackElo "2241"]
[Annotator ""]
[PlyCount "76"]
[TimeControl "40/7200:20/3600:1800"]

1. c4 Nf6 2. Nc3 c5 3. Nf3 b6 4. g3 Bb7 5. Bg2 e6 6. O-O d6 7. d4 cxd4 8. Qxd4
a6 9. Be3 Nbd7 10. Ng5 Bxg2 11. Kxg2 Qc7 12. Nge4 Nxe4 13. Nxe4 Nc5 14. Nc3 f5
15. Rac1 Kf7 16. Rfd1 Be7 17. f3 Rhd8 18. Qd2 Nd7 19. b3 Qb7 20. Bg5 Nf6 21.
Qf4 Nh5 22. Qh4 Nf6 23. Qd4 d5 24. cxd5 Nxd5 25. Bxe7 Qxe7 26. Nxd5 exd5 27.
Rd2 Rd6 28. Rcd1 Re8 29. Qd3 Qe5 30. Qxa6 f4 31. Qd3 Rg6 32. g4 h5 33. h3 hxg4
34. fxg4 Rc6 35. Rf1 Rc3 36. Rxf4+ Qxf4 37. Qxc3 Re3 38. Qd4 Rxe2+ 0-1